 Dungeon Crawl Stone Soup version 0.29.1-2-gbd0b4ee654 (webtiles) character file.

Game seed: 2806847877356279647

297 GorkyZ the Shield-Bearer (level 6, -11/48 HPs)
             Began as a Formicid Fighter on Nov 21, 2022.
             Killed from afar by Dowan (17 damage)
             ... with a shard of ice
             ... on level 4 of the Dungeon.
             The game lasted 00:16:39 (3115 turns).

GorkyZ the Shield-Bearer (Formicid Fighter)         Turns: 3115, Time: 00:16:40

Health: -11/48     AC: 13    Str: 23    XL:     6   Next: 62%
Magic:  6/6        EV:  7    Int:  7    God:
Gold:   371        SH:  5    Dex: 13    Spells: 5/5 levels left

rFire   . . .      SeeInvis +   a - +0 war axe
rCold   + . .      Faith    .   c - +0 buckler
rNeg    . . .      Spirit   .   C - +0 plate armour
rPois   +          Reflect  .   (helmet unavailable)
rElec   .          Harm     .   s - +0 cloak
rCorr   .          Rampage  .   (no gloves)
Will    .....                   (no boots)
Stlth   ..........              (no amulet)
HPRegen 0.16/turn               B - ring of poison resistance
MPRegen 0.10/turn               D - ring of protection from cold

@: no status effects
A: permanent stasis, dig shafts and tunnels, antennae 3, four strong arms
a: Dig, Shaft Self


You were on level 4 of the Dungeon.
You visited 1 branch of the dungeon, and saw 4 of its levels.

You collected 371 gold pieces.

Inventory:

Hand Weapons
 a - a +0 war axe (weapon)
 i - a +0 mace of holy wrath
 A - a +1 whip of flaming
Missiles
 w - 3 boomerangs (quivered)
Armour
 b - a +0 scale mail
 c - a +0 buckler (worn)
 s - a +0 cloak (worn)
 v - a scarf of resistance
 x - the +1 leather armour of the Realm of Zot {rElec rF+ Str+3 Stlth+}
   (You found it on level 3 of the Dungeon)

   Str:       It affects your strength (+3).
   rF:        It protects you from fire.
   rElec:     It insulates you from electricity.
   Stlth:     It makes you more stealthy.
 C - a +0 plate armour (worn)
 E - a scarf of shadows
Magical Staves
 h - a staff of cold
Jewellery
 B - a ring of poison resistance (left hand)
 D - a ring of protection from cold (right hand)
Wands
 u - a wand of acid (8)
 z - a wand of polymorph (3)
Scrolls
 e - 3 scrolls of teleportation {unknown}
 f - 2 scrolls of amnesia {unknown}
 j - 2 scrolls of noise {unknown}
 k - 4 scrolls of identify {unknown}
 m - 2 scrolls of silence {unknown}
 o - a scroll of brand weapon {unknown}
 t - a scroll of enchant armour {unknown}
 y - a scroll of poison {unknown}
Potions
 d - 2 potions of might
 g - 2 potions of berserk rage {unknown}
 l - a potion of attraction {unknown}
 n - a potion of invisibility
 p - a potion of flight {unknown}
 q - a potion of ambrosia {unknown}
 r - 2 potions of haste {unknown}


   Skills:
 + Level 4.1 Fighting
 + Level 3.0 Axes
 + Level 2.2 Throwing
 + Level 4.1 Armour
 + Level 1.7 Dodging
 + Level 4.9 Shields
 + Level 2.3 Evocations


You had 5 spell levels left.
You didn't know any spells.
Your spell library contained the following spells:

 Spells                   Type           Power      Damage    Failure   Level
 Call Canine Familiar     Summ           0%         N/A       100%        3
 Portal Projectile        Hex/Tloc       0%         N/A       100%        3
 Summon Guardian Golem    Hex/Summ       0%         N/A       100%        3
 Animate Dead             Necr           0%         N/A       100%        4
 Leda's Liquefaction      Hex/Erth       0%         N/A       100%        4
 Borgnjor's Vile Clutch   Necr/Erth      0%         N/A       100%        5
 Summon Forest            Summ/Tloc      0%         N/A       100%        5
 Death Channel            Necr           0%         N/A       100%        6
 Eringya's Noxious Bog    Tmut/Pois      0%         N/A       100%        6
 Orb of Destruction       Conj           0%         9d5       100%        7
 Spellforged Servitor     Conj/Summ      0%         N/A       100%        7
 Summon Hydra             Summ           0%         N/A       100%        7


Dungeon Overview and Level Annotations

Branches:
Dungeon (4/15)
 Temple: D:4-7

Altars:
Dithmenos
Kikubaaqudgha

Annotations:
D:4 1 transporter, Dowan


Innate Abilities, Weirdness & Mutations

You cannot be hasted, slowed, berserked, paralysed or teleported.
You can dig through walls and to a lower floor.
You have a pair of large antennae on your head. (SInv)
Your four strong arms can wield two-handed weapons with a shield.


Message History

Duvessa barely misses you.
Duvessa hits you with a +8 rapier of electrocution.
You slash Duvessa!
Duvessa is heavily wounded.
You block Duvessa's attack.
You hit Duvessa.
Duvessa is severely wounded.
Duvessa barely misses you. Dowan gestures at you while chanting.
The puff of frost hits Duvessa!
Duvessa says, "When magic and the sword combine, nothing stands against them."
Duvessa hits you with a +8 rapier of electrocution.
You are electrocuted!
You hit Duvessa.
You kill Duvessa!
Dowan screams, "No!
Oh no!"
Dowan seems to find hidden reserves of power!
Dowan casts a spell at you. The shard of ice hits you! You partially resist.
* * * LOW HITPOINT WARNING * * *
Your Axes skill increases to level 3!
A kobold comes into view. It is wielding a +0 dagger.
The kobold shouts!
Dowan hits you but does no damage.
The kobold moves out of view.
Things that are here:
a +8 rapier of electrocution; a +0 ring mail You completely miss Dowan.
Dowan hits you with a +0 dagger.
* * * LOW HITPOINT WARNING * * *
Dowan hits you but does no damage. Dowan closely misses you.
You hit Dowan but do no damage. You block Dowan's attack.
Dowan barely misses you.
You closely miss Dowan. You completely miss the kobold.
Dowan hits you but does no damage. The kobold hits you but does no damage.
You block Dowan's attack.
You slash Dowan!
Dowan is moderately wounded.
You barely miss the kobold. Dowan casts a spell at you.
The shard of ice hits you! You partially resist.
You die...

..####..#...#...#.# .
..###...........#.##.#
...##.......#........#
...#........###......#
............##......####.
.............#..#.......
.........##....##...P.PPP
.........#)....K#e#.P....
......##.......#@...P.P
............#.####..P.P
..###......##. ..P.P
...#..###..... ..P....
#......###....


#.P.PPP #..##..# .... .e... ..## ........ ...... ..## .. ....## ...# You could
see Dowan (fast) and a kobold.

Vanquished Creatures
  Duvessa (D:4)
  A scorpion (D:4)
  A jelly (D:4)
  3 gnolls (D:3)
  3 adders
  An ufetubus (D:4)
  A worm (D:2)
  A dart slug (D:4)
  An orc (D:3)
  8 ball pythons
  9 endoplasms
  A giant cockroach (D:3)
  6 goblins
  5 hobgoblins
  7 jackals
  4 kobolds
  2 quokkas (D:4)
  2 bats (D:3)
  3 frilled lizards
  7 rats
67 creatures vanquished.

Notes
Turn   | Place    | Note
-------+----------+-------------------------------------------
     0 | D:1      | GorkyZ the Formicid Fighter began the quest for the Orb.
     0 | D:1      | Reached XP level 1. HP: 18/18 MP: 1/1
   234 | D:1      | Reached XP level 2. HP: 20/24 MP: 2/2
   605 | D:1      | Found a faded altar of an unknown god.
   726 | D:2      | Reached skill level 1 in Evocations
   726 | D:2      | Reached XP level 3. HP: 28/29 MP: 3/3
   773 | D:2      | Found an ancient bone altar of Kikubaaqudgha.
  1247 | D:2      | Reached skill level 1 in Throwing
  1264 | D:2      | Reached XP level 4. HP: 35/35 MP: 4/4
  2100 | D:3      | Reached skill level 1 in Dodging
  2289 | D:3      | Identified the +1 leather armour of the Realm of Zot {rElec
                  | rF+ Str+3 Stlth+}
  2394 | D:3      | Reached XP level 5. HP: 33/42 MP: 5/5
  2586 | D:3      | Found a shadowy altar of Dithmenos.
  2870 | D:4      | Reached XP level 6. HP: 47/48 MP: 6/6
  3057 | D:4      | Found a transporter.
  3093 | D:4      | Noticed Dowan
  3095 | D:4      | Noticed Duvessa
  3110 | D:4      | Killed Duvessa
  3115 | D:4      | Killed from afar by Dowan

Illustrated notes

Levels and vault maps discovered:
D:1:      psy_arrival_spokes, layout_basic, shapermc_ecumenical_altar_petra
D:2:      minmay_inner_zag, layout_basic, basic_altar, minmay_misc_feat_room,
          minmay_pentomino_z4
D:3:      layout_rooms, lemuel_round_altar
D:4:      gammafunk_wand_slinger, layout_cave_pools,
          mainiacjoe_overflow_cross_hatched, uniq_duvessa

Skill      XL: |  1  2  3  4  5  6 |
---------------+-------------------+-----
Evocations     | 1 2 |  2.3
Throwing       | 1 2 |  2.2
Dodging        | 1 |  1.7
Fighting       | 4 |  4.1
Armour         | 4 |  4.1
Axes           | 3 |  3.0
Shields        | |  4.9

Action                   |  1- 3 |  4- 6 || total
-------------------------+-------+-------++-------
Melee: War axe           |    39 |   103 ||   142
       Mace              |    27 |       ||    27
Throw: Boomerang         |       |     2 ||     2
Armor: Scale mail        |    41 |    35 ||    76
       Plate armour      |       |    21 ||    21
Dodge: Dodged            |    32 |    37 ||    69
Block: Buckler           |    18 |    28 ||    46
